Map: Oxide LE

Players

Elazer - Winner!

  • Race: Zerg Zerg

BattleB

  • Race: Terran Terran

Event: DreamHack SC2 Masters 2021 Winter

VOD

Have the link to the VOD?

Description

Time

  • Played on: Oct. 7, 2021, 11:26 a.m.
  • Length: 8:19

All games in this series

Show
View Real Time Build Order
Export as new Build Order

Elazer Zerg - Winner!

Build Orders: Hatch First 

Get SALT Encoding   

  12  0:00  Drone  
  13  0:12  Overlord  
  13  0:17  Drone  
  14  0:30  Drone x2  
  16  0:47  Hatchery  
  15  0:51  Drone  
  15  0:54  Drone  
  17  0:58  Drone  
  18  1:07  Extractor  
  17  1:12  Spawning Pool  
  17  1:15  Drone  
  17  1:19  Drone  
  18  1:28  Drone  
  19  1:38  Drone  
  20  1:49  Drone  
  21  1:59  Queen x2  
  21  2:00  Drone x2  
  27  2:10  Overlord  
  27  2:12  Drone  
  27  2:13  Metabolic Boost  
  28  2:26  Hatchery  
  28  2:28  Drone  
  28  2:31  Drone  
  28  2:33  Drone  
  28  2:35  Drone  
  31  2:42  Queen  
  33  2:47  Overlord  
  33  2:50  Drone  
  34  2:53  Drone x2  
  36  3:07  Drone x2  
  38  3:14  Overlord  
  38  3:16  Drone x4, Queen  
  44  3:30  Overlord  
  44  3:32  Queen  
  46  3:40  Queen  
  46  3:41  Drone, Zergling x6  
  50  3:45  Zergling x6  
  55  3:49  Drone x2  
  55  3:51  Drone x4  
  55  3:53  Queen  
  63  4:00  Overlord  
  63  4:09  Drone x2  
  65  4:10  Overlord  
  65  4:13  Baneling Nest, Overlord  
  64  4:20  Queen  
  66  4:25  Overlord  
  66  4:31  Drone x8  
  66  4:36  Queen, Overlord  
  76  4:38  Drone  
  76  4:41  Drone  
  76  4:43  Drone  
  76  4:44  Drone  
  80  4:50  Spore Crawler, Extractor  
  80  4:51  Spore Crawler, Extractor  
  80  4:52  Overlord  
  76  4:58  Baneling x6  
  76  4:59  Zergling x16  
  84  5:06  Baneling, Overlord  
  83  5:08  Queen  
  83  5:10  Overlord  
  83  5:12  Drone  
  80  5:23  Drone x7  
  80  5:26  Drone  
  80  5:28  Drone x4  
  92  5:34  Drone  
  93  5:38  Drone x2, Lair  
  93  5:40  Extractor  
  93  5:42  Drone, Extractor  
  94  5:43  Spore Crawler  
  94  5:46  Drone  
  94  5:48  Extractor  
  93  5:50  Drone x4  
  93  5:51  Evolution Chamber  
  93  5:54  Drone  
  93  5:55  Evolution Chamber  
  96  5:59  Drone  
  96  6:01  Overlord  
  96  6:02  Drone x3  
  100  6:04  Roach Warren  
  100  6:07  Drone  
  100  6:12  Overlord  
  100  6:14  Hatchery  
  99  6:23  Zerg Missile Weapons Level 1, Zerg Ground Armor Level 1  
  98  6:26  Overlord  
  98  6:31  Zergling x6  
  101  6:41  Overlord x2  
  101  6:43  Glial Reconstitution  
  101  6:44  Roach x4  
  101  6:45  Roach x5  
  119  6:51  Roach x3  
  124  6:59  Roach  
  124  7:00  Roach x5  
  136  7:03  Roach  
  136  7:04  Roach x2  
  142  7:08  Overlord  
  142  7:09  Overlord x2  
  142  7:19  Roach x6  
  154  7:32  Roach x9  
  171  7:39  Overlord  
  171  7:40  Roach  
  169  7:47  Roach x5  
  178  7:53  Ravager  
  178  7:54  Ravager x6  
  178  7:58  Ravager  
Show
View Real Time Build Order
Export as new Build Order

BattleB Terran 

Build Orders:  

Get SALT Encoding   

  12  0:00  SCV  
  13  0:12  SCV  
  14  0:17  Supply Depot  
  14  0:24  SCV  
  15  0:38  SCV  
  15  0:39  Barracks  
  16  0:43  Refinery  
  16  0:50  SCV  
  17  1:03  SCV  
  18  1:15  SCV  
  19  1:26  Marine  
  19  1:27  Orbital Command  
  20  1:39  Command Center  
  20  1:49  Factory  
  20  1:53  SCV  
  21  2:03  Barracks Reactor  
  21  2:04  Supply Depot  
  21  2:06  SCV  
  22  2:11  Refinery  
  22  2:18  SCV  
  23  2:30  SCV  
  24  2:37  Starport  
  24  2:42  SCV  
  24  2:43  Hellion x2  
  29  2:50  Barracks Tech Lab  
  29  2:51  Orbital Command  
  29  2:54  SCV  
  30  3:04  Hellion  
  32  3:06  Hellion  
  32  3:10  SCV  
  35  3:13  Marauder  
  37  3:20  Viking  
  37  3:22  SCV  
  37  3:24  SCV  
  41  3:33  Supply Depot, Hellion  
  43  3:36  Marauder  
  45  3:42  Supply Depot  
  45  3:43  SCV  
  46  3:54  Medivac  
  48  3:56  Supply Depot  
  48  3:57  SCV x2  
  48  3:58  Marauder  
  48  4:02  Hellion  
  54  4:05  Hellion  
  54  4:09  SCV  
  55  4:10  Concussive Shells  
  55  4:13  Armory  
  55  4:20  SCV  
  55  4:22  Supply Depot, SCV  
  57  4:26  Hellion  
  59  4:33  SCV  
  59  4:34  SCV  
  59  4:36  Hellion  
  59  4:38  Liberator  
  63  4:45  SCV  
  67  4:46  SCV  
  67  4:47  Supply Depot  
  68  4:55  Hellion  
  68  4:57  Hellion  
  68  4:58  SCV x2  
  74  5:07  Supply Depot  
  74  5:10  SCV  
  74  5:11  SCV  
  66  5:23  Hellion x2, SCV x2  
  59  5:28  Command Center  
  59  5:30  Stimpack  
  59  5:35  SCV  
  56  5:37  SCV  
  56  5:41  Starport Reactor  
  57  5:47  SCV  
  57  5:49  Engineering Bay, Barracks  
  58  5:50  SCV, Factory Reactor  
  58  5:51  Refinery, Engineering Bay, Barracks  
  58  5:53  Marine  
  58  5:55  Refinery  
  60  5:59  SCV  
  60  6:00  Supply Depot  
  60  6:02  SCV  
  62  6:11  SCV, Marine  
  63  6:14  SCV  
  63  6:18  Terran Infantry Weapons Level 1, Terran Infantry Armor Level 1  
  65  6:26  SCV  
  65  6:27  Starport Reactor  
  65  6:29  Marine, Barracks  
  65  6:30  Barracks  
  65  6:31  SCV  
  68  6:36  Factory Tech Lab, Marine x2  
  70  6:41  Barracks, Orbital Command  
  70  6:42  Barracks  
  70  6:43  Barracks  
  70  6:46  SCV x2  
  72  6:47  Marine x2  
  72  6:48  Marine  
  72  6:54  Marine x2  
  75  6:56  Siege Tank  
  75  6:58  SCV  
  75  6:59  SCV  
  82  7:05  Marine x2  
  82  7:06  Medivac x2  
  88  7:10  SCV  
  88  7:11  Marine  
  88  7:12  Marine  
  88  7:13  Supply Depot, Marine  
  88  7:15  SCV  
  93  7:18  Barracks Reactor  
  93  7:19  Barracks Reactor  
  93  7:22  Orbital Command  
  93  7:23  SCV, Marine  
  93  7:25  Supply Depot  
  93  7:27  Supply Depot  
  93  7:28  Marine  
  96  7:33  Barracks Reactor  
  96  7:34  Siege Tank  
  98  7:40  SCV  
  98  7:42  Marine x2  
  98  7:43  SCV  
  96  7:45  Barracks Reactor  
  96  7:46  Marine  
  96  7:48  SCV  
  97  7:55  Marine x2  

Tags
 
Add a new tag
Caveats
  • Supply blocks, unpowered buildings, or Contaminate may cause inaccurate times.
  • Supply counts are checked every 10 seconds.